 Dungeon Sprint DCSS version 0.17-a0-1718-g72dbe4d (webtiles) character file.

2470 Kidiri the Covert (level 9, -1/39 HPs)
             Began as a Spriggan Enchanter on Aug 25, 2015.
             Was a Follower of Dithmenos.
             Slain by a deep troll (16 damage)
             ... in the Dungeon (Sprint II: "The Violet Keep of Menkaure").
             The game lasted 00:09:06 (2325 turns).

Kidiri the Covert (Spriggan Enchanter)              Turns: 2325, Time: 00:09:06

Health: -1/39      AC:  5    Str:  4    XL:     9   Next: 26%
Magic:  19/25      EV: 31    Int: 17    God:    Dithmenos [*.....]
Gold:   453        SH:  0    Dex: 19    Spells: 8 memorised, 4 levels left

rFire  . . .     SeeInvis +     a - +2 dagger
rCold  . . .     Clarity  .     b - +1 robe
rNeg   + . .     SustAt   .     (shield restricted)
rPois  .         Gourm    .     p - +2 hat
rElec  .         Spirit   .     (no cloak)
rCorr  .         Warding  .     (gloves unavailable)
rMut   .         NoTele   +     (boots unavailable)
MR     +....                    (no amulet)
Stlth  ++++......               y - ring of positive energy
                                u - ring of flight

@: wreathed by umbra, very quick, somewhat resistant to hostile enchantments,
stealthy
A: unfitting armour, see invisible, herbivore 3, speed 3, slow metabolism 2
a: Renounce Religion, Evoke Flight


You were in the Dungeon.
You worshipped Dithmenos.
Dithmenos was aware of your devotion.
You were not hungry.

You visited 1 branch You collected 1203 gold pieces.
You spent 750 gold pieces at shops.

Inventory:

Hand weapons
 a - a +2 dagger (weapon)
Armour
 b - a +1 robe (worn)
 p - a +2 hat (worn)
Jewellery
 u - a ring of flight (left hand)
 y - a ring of positive energy (right hand)
Scrolls
 j - 3 scrolls of blinking
 l - 2 scrolls of remove curse
 B - a scroll of recharging
Potions
 f - a potion of heal wounds
 g - 2 potions of haste
 h - 5 potions of magic
 i - a potion of berserk rage
 k - 3 potions of resistance {unknown}
 o - a potion of brilliance {unknown}
 q - 5 potions of flight {unknown}
 s - a potion of cancellation {unknown}
 v - a potion of agility {unknown}
 z - a potion of ambrosia {unknown}
 A - a potion of invisibility {unknown}
Books
 c - a book of Maledictions

   Spells                             Type                      Level
   a - Corona                         Hexes                        1
   b - Ensorcelled Hibernation        Hexes/Ice                    2
   c - Confuse                        Hexes                        3
   d - Tukima's Dance                 Hexes                        3
   e - Dazzling Spray                 Conjuration/Hexes            3
 e - a book of Burglary

   Spells                             Type                      Level
   a - Swiftness                      Charms/Air                   2
   b - Passwall                       Transmutation/Earth          3
   c - Passage of Golubria            Translocation                4
   d - Lee's Rapid Deconstruction     Earth                        5
   e - Darkness                       Hexes                        6
   f - Invisibility                   Hexes                        6
Comestibles
 d - 2 bread rations
 w - a slice of pizza


   Skills:
 + Level 7.3 Short Blades
 * Level 13.4 Dodging
 * Level 14.5 Stealth
 * Level 11.5 Spellcasting
 + Level 4.6 Conjurations
 + Level 8.9 Hexes
 + Level 3.8 Transmutations
 + Level 5.0 Ice Magic
 + Level 2.5 Earth Magic
 + Level 0.8 Invocations
 + Level 0.0 Evocations


You had 4 spell levels left.
You knew the following spells:

 Your Spells              Type           Power        Failure   Level  Hunger
a - Corona                Hex            #####..      1%          1    None
b - Ensorcelled Hibernat  Hex/Ice        ####..       1%          2    None
c - Confuse               Hex            #####...     1%          3    None
d - Tukima's Dance        Hex            #####...     1%          3    None
e - Dazzling Spray        Conj/Hex       ####....     1%          3    None
f - Passwall              Trmt/Erth      ###.......   8%          3    None
g - Darkness              Hex            #####.....   34%         6    ######.
h - Invisibility          Hex            #####...     34%         6    ######.


Dungeon Overview and Level Annotations

Branches:
Dungeon (1/1)

Altars:
Cheibriados
Dithmenos
Elyvilon
Fedhas
Gozag
Kikubaaqudgha
Makhleb
Nemelex Xobeh
Okawaru
Qazlal
Ru
Sif Muna
Trog
Vehumet
Xom
Yredelemnul
Zin
The Shining One
Beogh
Jiyva
Lugonu

Shops:
D :%:=}[?[([*=!:!=

Annotations:
D exclusion: oklob plant, Kirke


Innate Abilities, Weirdness & Mutations

You are tiny and cannot use many weapons and most armour.
You have supernaturally acute eyesight.
You are a herbivore.
You cover ground extremely quickly.
You need consume almost no food.


Message History

You enter the shallow water.
Moving in this stuff is going to be slow.
Casting: Ensorcelled Hibernation
Confirm with . or Enter, or press ? or * to list all spells.
Aiming: Ensorcelled Hibernation
Press: ? - help, Shift-Dir - straight line, f - deep troll, p - deep troll
Aim: a deep troll (chance to defeat MR: 44%)
The deep troll resists with some effort.
The deep troll completely misses you. The deep troll misses you.
The deep troll completely misses you.
Casting: Ensorcelled Hibernation
Confirm with . or Enter, or press ? or * to list all spells.
Aiming: Ensorcelled Hibernation
Press: ? - help, Shift-Dir - straight line, f/p - deep troll
Aim: a deep troll (chance to defeat MR: 44%)
The deep troll looks drowsy...
Your unstable footing causes you to fumble your attack.
The deep troll shouts!
The deep troll barely misses you. The deep troll claws you!
You die...

..#,,***#.*,k#}§▓)....?.%▓▓,⌠,*,*
#.####,,+.##.#[:▓..(...[.▓▓,,,*,*
#....#,,*...####▓(.(().(.▓▓,,,*,*
###..##**#..##%#▓..)....)▓▓,,,*,*
#.##..#,,+..#..#▓)[..(.[(▓▓,,,*,*
...#..#,,#..#%.#▓%......(▓▓,⌠,*,*
###'..####..##)#▓.%.[....▓▓,,,*,*
...#....###...##▓▓▓▓▓▓▓'▓▓▓▓+▓*,*
#.##.....§≈≈≈≈≈≈@TT≈≈≈≈...X≈≈▓,,,
###≈≈.....≈#+########'###.≈≈≈▓,,,
#≈≈≈≈≈≈≈..≈#........#§≈§##≈≈≈▓,,,
#≈≈≈≈≈≈§≈.≈#....⌠._.#≈§§≈####▓▓**
≈≈≈≈§≈≈§≈≈≈#..._._._#≈≈§≈≈##$$#,,
≈≈§≈≈≈≈≈≈≈≈#.._._._.#§§§§§§#$.#,,
+#≈§§≈§≈≈≈≈#._._._._#§§§≈≈§'$$+,,
≈##≈§≈###≈≈#_._._._.#%§§≈§≈#$.#,,
§≈**≈≈#,#§≈#._._._..#§§§§§≈▓$$#,,


You could see 2 deep trolls.

Vanquished Creatures
  A siren (D)
  A yaktaur (D)
  3 polar bears (D)
  A blink frog (D)
  2 boulder beetles (D)
  Menkaure (D)
  A wasp (D)
  3 crocodiles (D)
  4 brain worms (D)
  4 worker ants (D)
21 creatures vanquished.

Vanquished Creatures (others)
  11 tentacles (D)
  105 tentacle segments (D)
116 creatures vanquished.

Grand Total: 137 creatures vanquished

Notes
Turn   | Place    | Note
--------------------------------------------------------------
     0 | D        | Kidiri the Spriggan Enchanter began the quest for the Orb.
     0 | D        | Reached XP level 1. HP: 9/9 MP: 5/5
     1 | D        | Noticed a brain worm
    13 | D        | Killed a brain worm
    13 | D        | Reached skill level 6 in Dodging
    13 | D        | Reached skill level 7 in Stealth
    13 | D        | Reached skill level 5 in Spellcasting
    13 | D        | Reached XP level 2. HP: 8/13 MP: 6/9
    13 | D        | Reached XP level 3. HP: 9/16 MP: 6/10
    14 | D        | Noticed a brain worm
    20 | D        | Learned a level 2 spell: Ensorcelled Hibernation
    24 | D        | Learned a level 3 spell: Confuse
    28 | D        | Learned a level 3 spell: Tukima's Dance
    32 | D        | Learned a level 3 spell: Dazzling Spray
   440 | D        | Killed a brain worm
   440 | D        | Reached skill level 8 in Stealth
   440 | D        | Reached skill level 1 in Conjurations
   440 | D        | Reached skill level 5 in Hexes
   440 | D        | Reached skill level 1 in Ice Magic
   440 | D        | Reached XP level 4. HP: 17/21 MP: 7/13
   497 | D        | Noticed a brain worm
   497 | D        | Noticed a brain worm
   510 | D        | Killed a brain worm
   510 | D        | Reached skill level 9 in Stealth
   510 | D        | Reached XP level 5. HP: 9/24 MP: 5/15
   512 | D        | Killed a brain worm
   512 | D        | Reached skill level 10 in Stealth
   702 | D        | Noticed a worker ant
   702 | D        | Noticed a worker ant
   704 | D        | Noticed a worker ant
   704 | D        | Noticed a worker ant
   705 | D        | Killed a worker ant
   705 | D        | Reached XP level 6. HP: 28/28 MP: 15/17
   706 | D        | Killed a worker ant
   708 | D        | Killed a worker ant
   712 | D        | Killed a worker ant
   743 | D        | Noticed a boulder beetle
   743 | D        | Noticed a boulder beetle
   746 | D        | Noticed a siren
   781 | D        | Killed a siren
   781 | D        | Reached skill level 5 in Short Blades
   781 | D        | Reached skill level 10 in Dodging
   781 | D        | Reached skill level 11 in Stealth
   781 | D        | Reached XP level 7. HP: 22/32 MP: 3/20
  1095 | D        | Killed a boulder beetle
  1095 | D        | Reached skill level 12 in Stealth
  1384 | D        | Killed a boulder beetle
  1545 | D        | Noticed an ice statue
  1547 | D        | Noticed Menkaure
  1548 | D        | Found Buojidon's Distillery.
  1548 | D        | Noticed Kirke
  1548 | D        | Noticed a skeletal warrior
  1548 | D        | Noticed a kobold demonologist
  1549 | D        | Killed Menkaure
  1549 | D        | Reached skill level 10 in Spellcasting
  1549 | D        | Reached XP level 8. HP: 36/36 MP: 23/23
  1563 | D        | Noticed an electric eel
  1563 | D        | Noticed an electric eel
  1564 | D        | Noticed an electric eel
  1564 | D        | Noticed an electric eel
  1564 | D        | Noticed an electric eel
  1565 | D        | Noticed an electric eel
  1566 | D        | Found Uriun's Jewellery Shop.
  1567 | D        | Found Qapnofimm's Book Boutique.
  1568 | D        | Found Microtes's Jewellery Shop.
  1568 | D        | Found Ciaz's Distillery.
  1569 | D        | Found Fefrun's Antique Armour Boutique.
  1569 | D        | Found Wakhlunod's General Store.
  1570 | D        | Noticed a blink frog
  1572 | D        | Killed a blink frog
  1572 | D        | Reached skill level 13 in Stealth
  1575 | D        | Found Maletial's Antique Armour Shop.
  1577 | D        | Found Veruxtex's Antique Weapon Shop.
  1578 | D        | Found Ryefra's Magic Scroll Shop.
  1578 | D        | Found Metoy's Antique Armour Boutique.
  1579 | D        | Noticed a polar bear
  1582 | D        | Found Wiadupo's Gadget Shop.
  1582 | D        | Found Beacwolo's Jewellery Boutique.
  1582 | D        | Noticed a polar bear
  1582 | D        | Noticed an oklob plant
  1583 | D        | Found Abbesoz's Food Shop.
  1583 | D        | Found Veikos's Book Boutique.
  1583 | D        | Found Wiagoisa's Book Shoppe.
  1584 | D        | Noticed a death yak
  1591 | D        | Noticed a black bear
  1594 | D        | Noticed a black bear
  1598 | D        | Noticed a black bear
  1605 | D        | Bought a book of Burglary for 750 gold pieces
  1609 | D        | Learned a level 3 spell: Passwall
  1616 | D        | Learned a level 6 spell: Darkness
  1623 | D        | Learned a level 6 spell: Invisibility
  1641 | D        | Noticed an electric eel
  1641 | D        | Noticed an electric eel
  1678 | D        | Found a basalt altar of Yredelemnul.
  1679 | D        | Found a deep blue altar of Sif Muna.
  1680 | D        | Found a burning altar of Makhleb.
  1680 | D        | Found a shadowy altar of Dithmenos.
  1681 | D        | Found a snail-covered altar of Cheibriados.
  1681 | D        | Found a roughly hewn altar of Beogh.
  1682 | D        | Found a blossoming altar of Fedhas.
  1682 | D        | Found a glowing golden altar of the Shining One.
  1683 | D        | Found an opulent altar of Gozag.
  1683 | D        | Found a sparkling altar of Nemelex Xobeh.
  1684 | D        | Found an iron altar of Okawaru.
  1684 | D        | Found a white marble altar of Elyvilon.
  1684 | D        | Noticed a swamp drake
  1685 | D        | Found a corrupted altar of Lugonu.
  1685 | D        | Found an ancient bone altar of Kikubaaqudgha.
  1686 | D        | Noticed a yaktaur
  1686 | D        | Noticed a wasp
  1686 | D        | Noticed a polar bear
  1687 | D        | Noticed a polar bear
  1687 | D        | Noticed a polar bear
  1688 | D        | Killed a polar bear
  1688 | D        | Reached skill level 1 in Transmutations
  1688 | D        | Reached skill level 1 in Earth Magic
  1691 | D        | Killed a wasp
  1694 | D        | Killed a yaktaur
  1698 | D        | Killed a polar bear
  1698 | D        | Reached skill level 14 in Stealth
  1698 | D        | Reached XP level 9. HP: 37/39 MP: 14/25
  1707 | D        | Killed a polar bear
  1875 | D        | Found a stormy altar of Qazlal.
  1877 | D        | Found a bloodstained altar of Trog.
  1877 | D        | Found a shimmering altar of Xom.
  1877 | D        | Found a glowing silver altar of Zin.
  1878 | D        | Found a radiant altar of Vehumet.
  1878 | D        | Found a viscous altar of Jiyva.
  1878 | D        | Found a sacrificial altar of Ru.
  1885 | D        | Noticed a flying skull
  1887 | D        | Became a worshipper of Dithmenos the Shadowed
  1888 | D        | Noticed a flying skull
  1888 | D        | Noticed a flying skull
  1902 | D        | Noticed a crocodile
  1905 | D        | Noticed a kraken
  2210 | D        | Killed a crocodile
  2248 | D        | Noticed a flying skull
  2248 | D        | Noticed a flying skull
  2248 | D        | Noticed a flying skull
  2249 | D        | Noticed a crocodile
  2252 | D        | Killed a crocodile
  2253 | D        | Noticed a flying skull
  2253 | D        | Noticed a flying skull
  2253 | D        | Noticed a flying skull
  2258 | D        | Noticed a crocodile
  2260 | D        | Killed a crocodile
  2260 | D        | Reached skill level 5 in Ice Magic
  2278 | D        | Noticed a flying skull
  2279 | D        | Noticed a flying skull
  2279 | D        | Noticed a flying skull
  2282 | D        | Noticed a flying skull
  2283 | D        | Noticed a flying skull
  2284 | D        | Noticed a flying skull
  2284 | D        | Noticed a flying skull
  2285 | D        | Noticed a flying skull
  2285 | D        | Noticed a flying skull
  2303 | D        | Noticed a deep troll
  2304 | D        | Noticed a deep troll
  2325 | D        | Slain by a deep troll

Vault maps used:
D:        the_violet_keep_of_menkaure

Action                   |  1- 3 |  4- 6 |  7- 9 || total
-------------------------+-------+-------+-------++-------
Melee: Dagger            |    11 |    34 |    18 ||    63
 Cast: Ensorcelled Hiber |     7 |     8 |    25 ||    40
       Dazzling Spray    |       |     2 |     7 ||     9
       Tukima's Dance    |       |     2 |       ||     2
       Confuse           |       |     1 |     6 ||     7
  Use: Potion            |       |     1 |       ||     1
       Scroll            |       |       |     8 ||     8
 Stab: Sleeping          |     1 |     6 |    10 ||    17
       Invisible         |       |       |     2 ||     2
       Confused          |       |       |     1 ||     1
